 Dungeon Crawl Stone Soup version 0.30-a0-118-ga018f8e90f (webtiles) character file.

Game seed: 10051897405160496741

100 Newt the Trooper (level 4, -6/37 HPs)
             Began as a Demonspawn Gladiator on Sept 13, 2022.
             Was an Initiate of Okawaru.
             Mangled by an orc
             ... wielding a +0 flail
              (9 damage)
             ... on level 4 of the Dungeon.
             The game lasted 00:02:17 (1943 turns).

Newt the Trooper (Demonspawn Gladiator)             Turns: 1943, Time: 00:02:18

Health: -6/37      AC:  1    Str: 14 (16) XL:     4   Next: 46%
Magic:  4/4        EV: 12    Int:  7 (10) God:    Okawaru [......]
Gold:   65         SH:  0    Dex: 11 (14) Spells: 3/3 levels left

rFire   . . .      SeeInvis .    a - +0 rapier
rCold   . . .      Faith    .    (no shield)
rNeg    . . .      Spirit   .    b - +0 leather armour
rPois   .          Reflect  .    c - +0 helmet
rElec   .          Harm     .    (no cloak)
rCorr   .          Rampage  .    (no gloves)
Will    .....                    (no boots)
Stlth   ++........               r - amulet of magic regeneration
HPRegen 0.12/turn                (no ring)
MPRegen 0.49/turn                (no ring)

@: corroded
A: spiny 1, sharp scales 1
a: Renounce Religion


You were on level 4 of the Dungeon.
You worshipped Okawaru.
Okawaru was noncommittal.
You visited 1 branch of the dungeon, and saw 3 of its levels.

You collected 65 gold pieces.

Inventory:

Hand Weapons
 a - a +0 rapier (weapon)
Missiles
 d - 3 throwing nets (quivered)
 e - a javelin
 j - 4 atropa-tipped darts
Armour
 b - a +0 leather armour (worn)
 c - a +0 helmet (worn)
Jewellery
 r - an amulet of magic regeneration (around neck)
Wands
 p - a wand of roots (6)
Scrolls
 f - 2 scrolls of enchant armour
 g - a scroll of amnesia {unknown}
 h - 2 scrolls of teleportation
 k - a scroll of fear
 n - a scroll of enchant weapon {unknown}
 o - a scroll of noise {unknown}
 q - a scroll of torment {unknown}
Potions
 l - a potion of berserk rage {unknown}
 m - a potion of brilliance {unknown}
 s - a potion of curing {unknown}


   Skills:
 - Level 4.0 Fighting
 + Level 2.9 Short Blades
 - Level 1.7 Throwing
 - Level 2.6 Dodging
 - Level 2.0 Stealth


You had 3 spell levels left.
You didn't know any spells.
Your spell library was empty.

Dungeon Overview and Level Annotations

Branches:
Dungeon (2/15)

Altars:
Okawaru


Innate Abilities, Weirdness & Mutations

You are partially covered in sharp spines.
You are partially covered in razor-sharp scales. (AC +1, Slay +1)


Message History

You kill the dart slug!
Okawaru accepts your kill.
No target in view!
No target in view!
No target in view!
No target in view!
A jelly is nearby!
An orc priest and 2 orcs come into view.
The orc priest shouts!
The orc priest invokes the aid of Beogh against you.
You barely resist. The jelly hits you.
You are splashed with acid!
A hobgoblin comes into view.
The orc shouts!
The hobgoblin shouts!
You hit the orc priest.
The orc priest is moderately wounded.
The orc priest is struck by your spines.
The orc priest hits you with a +0 whip. The jelly hits you but does no damage.
You hit the orc priest.
You kill the orc priest!
Okawaru accepts your kill. The jelly misses you.
The orc hits you with a +0 flail!
Training target 4.0 for Fighting reached!
Your Fighting skill increases to level 4!
You need to enable at least one skill for training.
Unknown command.
You puncture the jelly! The acid corrodes you!
Your hands burn!
* * * LOW HITPOINT WARNING * * *
The jelly is heavily wounded.
The orc misses you. The jelly hits you.
* * * LOW HITPOINT WARNING * * *
You are splashed with acid!
* * * LOW HITPOINT WARNING * * *
The orc barely misses you.
It was a potion of degeneration.
There was something very wrong with that liquid.
You feel weakened.
You feel dopey.
You feel clumsy. The orc barely misses you. The orc is struck by your spines.
The orc hits you with a +0 flail!
You die...

...............o.....
.......)......#........#
...........#.###........
.............###.......#
......##......##........
#.###..#......#.........
##.....##.......o....#
#.........##...oo.g.#
##........##...@J...#
#...†....#............
##..#..#.###...........
#.)....................
##......................
#...............###.....
................# ###.#
................. ..
.........#....


You could see a jelly, 3 orcs and a hobgoblin.

Vanquished Creatures
  An orc priest (D:4)
  An adder (D:2)
  A gnoll (D:4)
  A worm (D:2)
  2 dart slugs
  An orc (D:4)
  3 ball pythons (D:1)
  3 endoplasms
  3 giant cockroaches (D:1)
  4 goblins
  3 hobgoblins
  4 quokkas
  5 bats
  2 frilled lizards (D:1)
  6 kobolds
  4 rats (D:1)
44 creatures vanquished.

Vanquished Creatures (others)
  4 toadstools (D:1)
4 creatures vanquished.

Grand Total: 48 creatures vanquished

Notes
Turn   | Place    | Note
-------+----------+-------------------------------------------
     0 | D:1      | Newt the Demonspawn Gladiator began the quest for the Orb.
     0 | D:1      | Reached XP level 1. HP: 16/16 MP: 1/1
    93 | D:1      | Reached skill level 1 in Stealth
   562 | D:1      | Gained mutation: You are partially covered in razor-sharp
                  | scales. (AC +1, Slay +1) [demonic ancestry]
   562 | D:1      | Reached XP level 2. HP: 22/22 MP: 2/2
  1200 | D:2      | Reached XP level 3. HP: 25/28 MP: 3/3
  1526 | D:2      | Reached skill level 3 in Fighting
  1656 | D:2      | You fall into a shaft and drop 2 floors!
  1782 | D:4      | Found an iron altar of Okawaru.
  1801 | D:4      | Gained mutation: You are partially covered in sharp spines.
                  | [demonic ancestry]
  1801 | D:4      | Reached XP level 4. HP: 33/37 MP: 4/4
  1809 | D:4      | Became a worshipper of Warmaster Okawaru
  1942 | D:4      | Reached skill level 4 in Fighting
  1943 | D:4      | Mangled by an orc

Illustrated notes

Levels and vault maps discovered:
D:1:      ldierk_walled_garden_2, layout_loops_ring
D:2:      layout_loops_ring
D:4:      layout_cave_pools, nzn_wu_jian_council_hall,
          okawaru_altar_gauntlet_db, nicolae_vehumet_altar_sigil, serial_glass,
          glass_columns_b, glass_columns_c, due_unseen_surprise,
          roderic_roman_lattice

Skill      XL: |  1  2  3  4 |
---------------+-------------+-----
Stealth        | 1 2 |  2.0
Fighting       | 3 4 |  4.0
Short Blades   | |  2.9
Throwing       | |  1.7
Dodging        | |  2.6

Action                   |  1- 3 |  4- 6 || total
-------------------------+-------+-------++-------
Melee: Rapier            |   132 |     8 ||   140
  Use: Scroll            |     3 |       ||     3
       Potion            |       |     1 ||     1
 Stab: Sleeping          |     5 |       ||     5
Armor: Leather armour    |    58 |     3 ||    61
Dodge: Dodged            |    80 |     7 ||    87

Table legend: (Time is in decaauts)
 A = Elapsed time spent in this place.
 B = Non-inter-level travel time spent in this place.
 C = Inter-level travel time spent in this place.
 D = Time resting spent in this place.
 E = Time spent auto-exploring this place.
 F = Levels seen in this place.
 G = Mean time per level.
                   A        B        C        D        E       F      G
               +--------+--------+--------+--------+--------+-----+--------+
         Total |   1953 |   1910 |     43 |    387 |   1132 |   3 |  651.0 |
       Dungeon |   1953 |   1910 |     43 |    387 |   1132 |   3 |  651.0 |
               +--------+--------+--------+--------+--------+-----+--------+

Top non-repeatable levels by time:
     D:1: 1146 daAuts
     D:2: 517 daAuts
     D:4: 289 daAuts
